 Dungeon Crawl Stone Soup version 0.31-a0-489-g282fc92437 (webtiles) character file.

Game seed: 2797270096658704323

53 Ethylacetat the Slasher (level 3, -4/26 HPs)
             Began as an Octopode Cinder Acolyte on Aug 8, 2023.
             Was a High Priest of Ignis.
             Slain by a gnoll
             ... wielding a +0 spear
              (8 damage)
             ... on level 2 of the Dungeon.
             The game lasted 00:01:41 (1265 turns).

Ethylacetat the Slasher (Octopode Cinder Acolyte)   Turns: 1265, Time: 00:01:42

Health: -4/26      AC:  1    Str: 15    XL:     3   Next: 89%
Magic:  4/4        EV: 12    Int: 16    God:    Ignis [*****.]
Gold:   107        SH:  0    Dex:  7    Spells: 4/4 levels left

rFire   + . .        a - -1 falchion (flame)
rCold   . . .        (no shield)
rNeg    . . .        (helmet currently unavailable)
rPois   .            (no amulet)
rElec   .            (no ring)
rCorr   .            (no ring)
SInv    .            (no ring)
Will    .....        (no ring)
Stlth   ++           (no ring)
HPRegen 0.24/turn    (no ring)
MPRegen 0.09/turn    (no ring)
                     (no ring)

%: no passive effects
@: beast-form
A: beast (slay +1), almost no armour, amphibious, 8 rings, camouflage 1,
gelatinous body 1, (nimble swimmer 1), tentacles
a: Begin Untransformation, Renounce Religion, Fiery Armour, Foxfire Swarm,
Rising Flame


You were on level 2 of the Dungeon.
You worshipped Ignis.
Ignis was extremely pleased with you.
You were a hulking beast.
You visited 1 branch of the dungeon, and saw 2 of its levels.

You collected 107 gold pieces.

Inventory:

Hand Weapons
 a - a -1 falchion of flaming (weapon)
Talismans
 c - a beast talisman (active)
Scrolls
 b - a scroll of identify {unknown}
Potions
 d - a potion of curing
 e - a potion of brilliance {unknown}


   Skills:
 + Level 3.4 Fighting
 + Level 3.4 Long Blades
 - Level 1.0 Spellcasting
 - Level 3.0 Fire Magic
 * Level 1.8 Shapeshifting


You had 4 spell levels left.
You didn't know any spells.
Your spell library contained the following spells:

 Spells                   Type           Power      Damage    Failure   Level
 Scorch                   Fire           20%        2d5       10%         2


Dungeon Overview and Level Annotations

Branches:
Dungeon (2/15)

Altars:

Shops:
D:2 [


Innate Abilities, Weirdness & Mutations

You are a hulking beast.
Your limbs bulge with bestial killing power. (Slay +1)
You cannot wear most types of armour.
You are amphibious.
You can wear up to eight rings at the same time.
Your skin changes colour to match your surroundings (Stealth+).
Your rubbery body absorbs attacks. (AC +1, EV +1)
((You are camouflaged when in or above water. (Stealth+)))
You have tentacles for arms and can constrict up to eight enemies at once.


Message History

The bat closely misses you.
You hit the bat. You burn the bat.
You kill the bat!
Unknown command.
The gnoll hits you with a +1 whip of venom.
You barely miss the gnoll. You grab the gnoll. You constrict the gnoll.
The gnoll barely misses you.
The gnoll hits you with a +1 whip of venom.
You are poisoned.
The gnoll closely misses you.
The gnoll hits you from afar with a +0 spear.
You hit the gnoll. You burn the gnoll. You squeeze the gnoll.
You kill the gnoll!
You feel very sick.
The gnoll hits you from afar with a +0 spear!
* * * LOW HITPOINT WARNING * * *
You are too injured to fight recklessly!
You are too injured to fight recklessly!
You are too injured to fight recklessly!
Unknown command.
It was a potion of curing.
You feel better. The gnoll barely misses you. The gnoll completely misses you.
The gnoll barely misses you.
You see here a +1 whip of venom.
You barely miss the gnoll. You grab the gnoll. You constrict the gnoll.
The gnoll hits you from afar with a +0 spear.
* * * LOW HITPOINT WARNING * * *
The gnoll hits you with a +0 spear.
* * * LOW HITPOINT WARNING * * *
You hit the gnoll. You burn the gnoll.
You squeeze the gnoll, but do no damage.
The gnoll is heavily wounded.
You constrict the gnoll, but do no damage.
The gnoll closely misses you. The gnoll barely misses you.
You hit the gnoll but do no damage.
The gnoll is heavily wounded.
You constrict the gnoll.
The gnoll hits you from afar with a +0 spear.
* * * LOW HITPOINT WARNING * * *
The gnoll hits you with a +0 spear!
You die...

#### # ..# . #.#
.# #†####.##.
########..!.)....
#....ggh.....####
#.#######..###
##...# ##..#.#
##### ##..##.#
.[... #..## .#
....# ##.## .#
.)..# #..# ..
....# ##.#######


You could see 2 gnolls.

Vanquished Creatures
  A gnoll (D:2)
  2 dart slugs
  4 ball pythons
  3 endoplasms
  4 goblins
  3 hobgoblins (D:1)
  9 jackals (D:2)
  2 quokkas (D:2)
  2 bats
  A frilled lizard (D:2)
  2 kobolds (D:2)
  3 rats
36 creatures vanquished.

Notes
Turn   | Place    | Note
-------+----------+-------------------------------------------
     0 | D:1      | Ethylacetat the Octopode Cinder Acolyte began the quest for
                  | the Orb.
     0 | D:1      | Reached XP level 1. HP: 16/16 MP: 2/2
   322 | D:1      | Reached XP level 2. HP: 18/21 MP: 3/3
   577 | D:1      | Reached skill level 1 in Shapeshifting
   858 | D:2      | Reached XP level 3. HP: 26/26 MP: 4/4
  1082 | D:2      | Found Ruukedd's Antique Armour Shop.
  1260 | D:2      | HP: 1/26 [gnoll/+0 spear (9)]
  1265 | D:2      | Slain by a gnoll

Illustrated notes

Levels and vault maps discovered:
D:1:      ebering_trefoil_twist, layout_basic
D:2:      layout_basic, basic_altar, hellmonk_ecumenical_altar_defaced_shrine,
          serial_shops, shop

Skill      XL: |  1  2 |
---------------+-------+-----
Shapeshifting  | 1 |  1.8
Fighting       | |  3.4
Long Blades    | |  3.4
Spellcasting   | |  1.0
Fire Magic     | |  3.0

Action                     || total
---------------------------++-------
  Melee: Falchion          ||    71
         Tentacles         ||    13
         Constrict         ||    11
    Use: Potion            ||     1
   Stab: Sleeping          ||     6
 Armour: Skin              ||     6
  Dodge: Dodged            ||    40
   Form: Beast             ||     1

Table legend: (Time is in decaauts)
 A = Elapsed time spent in this place.
 B = Non-inter-level travel time spent in this place.
 C = Inter-level travel time spent in this place.
 D = Time resting spent in this place.
 E = Time spent auto-exploring this place.
 F = Levels seen in this place.
 G = Mean time per level.
                   A        B        C        D        E       F      G
               +--------+--------+--------+--------+--------+-----+--------+
         Total |   1275 |   1240 |     35 |      0 |   1037 |   2 |  637.5 |
       Dungeon |   1275 |   1240 |     35 |      0 |   1037 |   2 |  637.5 |
               +--------+--------+--------+--------+--------+-----+--------+

Top non-repeatable levels by time:
     D:1: 837 daAuts
     D:2: 437 daAuts
